AoeStats
← ErickthrsherSK8

Arabia

509736351Analyzed
2v2 RM · 4d ago on Sep 27, 2026· 63m 6s· 4 players
Game mode
Random Map
Map size
Medium (4 player)
Population
200
Speed
Normal
Resources
Standard
Victory
Conquest
Starting age
Dark Age
Ending age
Imperial Age
RankedLock teamsTeams togetherTeam positionsShared explorationLock speedFull tech treeHidden civsTurbo modeCheats
Victory
Defeat
🇨🇱 Turks · Chile
633
+20
🇨🇱 Mongols · Chile
586
+21
🇸🇰 Varangians · Slovakia
745
-22
🇹🇷 Persians · Türkiye
680
-19
castle_master
5:05 Loom
13:24 Feudal Age
14:17 Horse Collar
15:42 Wheelbarrow
15:51 Double-Bit Axe
17:11 Gold Mining
17:14 Stone Mining
24:40 Castle Age
24:08 Forging
23:59 Scale Mail Armor
24:05 Scale Barding Armor
24:15 Man-at-Arms
24:41 Arson
24:46 Man-at-Arms
25:02 Pikeman
25:51 Squires
26:14 Squires
26:50 Arson
34:02 Bow Saw
41:13 Hand Cart
42:06 Gambesons
41:42 Long Swordsman
46:54 Heavy Plow
48:07 Gold Shaft Mining
48:08 Stone Shaft Mining
48:28 Husbandry
51:11 Iron Casting
51:06 Masonry
50:52 Murder Holes
50:48 Guard Tower
51:17 Chain Mail Armor
51:37 Kamandaran
59:27 Chain Barding Armor
62:41 Imperial Age
60:20 Devotion
60:31 Fervor
Tarklow
6:54 Loom
11:24 Feudal Age
11:59 Town Watch
12:33 Double-Bit Axe
18:11 Castle Age
17:18 Scale Barding Armor
17:48 Horse Collar
19:54 Heavy Plow
20:07 Bow Saw
20:37 Wheelbarrow
20:29 Forging
21:45 Gold Mining
25:57 Bloodlines
25:49 Stone Mining
28:37 Husbandry
28:51 Scale Barding Armor
30:19 Iron Casting
37:03 Stone Shaft Mining
43:18 Chain Barding Armor
56:12 Imperial Age
diego.garatec
13:43 Feudal Age
22:34 Double-Bit Axe
24:58 Castle Age
34:37 Imperial Age
40:11 Double-Bit Axe
42:28 Pikeman
55:47 Heavy Camel Rider
63:05 Scale Barding Armor
63:11 Forging
62:51 Fletching
63:04 Padded Archer Armor
63:05 Scale Mail Armor
ErickthrsherSK8
2:09 Loom
12:58 Feudal Age
19:19 Castle Age
17:59 Double-Bit Axe
19:37 Horse Collar
21:49 Husbandry
24:13 Padded Archer Armor
24:03 Fletching
25:57 Wheelbarrow
26:06 Town Watch
28:20 Bow Saw
35:30 Squires
44:58 Leather Archer Armor
46:39 Hand Cart
47:21 Ballistics
47:38 Gold Mining
55:19 Imperial Age
56:55 Fortified Wall
59:01 Conscription
59:26 Sappers
60:51 Man-at-Arms
61:18 Arson
62:10 Parthian Tactics
Connection lost

Rejoining the realm…

Still unreachable

The connection could not be restored.

Session expired

The server has moved on; the page needs a fresh start.